 Dungeon Crawl Stone Soup version 0.25-a0-860-gf695395 (webtiles) character file.

Game seed: 2813679542877642109, levelgen mode: deterministic

5989 robertstho the Spear-Bearer (level 10, -3/123 HPs)
             Began as a Merfolk Berserker on Apr 24, 2020.
             Was an Elder of Trog.
             Shot with a bolt by an orc warrior (6 damage)
             ... in a bailey on Apr 27, 2020.
             The game lasted 00:14:33 (7550 turns).

robertstho the Spear-Bearer (Merfolk Berserker)     Turns: 7550, Time: 00:14:33

Health: -3/123     AC: 17    Str: 20    XL:     10   Next: 85%
Magic:  10/10      EV:  8    Int: 10    God:    Trog [****..]
Gold:   478        SH:  0    Dex: 13    Spells: 9/9 levels left

rFire    + + .     SeeInvis .   i - +0 halberd
rCold    + + .     Gourm    .   (shield currently unavailable)
rNeg     . . .     Faith    .   B - +0 plate armour {rC+}
rPois    .         Spirit   .   (helmet restricted)
rElec    .         Reflect  .   a - +2 cloak
rCorr    .         Harm     .   r - +0 pair of gloves
MR       ++...                  (no boots)
Stlth    ..........             (no amulet)
HPRegen  1.30/turn              b - ring of protection from cold (curse)
MPRegen  0.12/turn              w - ring of protection from fire

@: berserking (expiring), regenerating, very quick
A: change form in water, swift swim, stealthy swim, horns 1, clever 1, fire
resistance 1
a: Berserk, Trog's Hand, Brothers in Arms, Renounce Religion


You were in a bailey.
You worshipped Trog.
Trog was greatly pleased with you.
You were near starving.

You visited 1 branch of the dungeon, and saw 9 of its levels.
You also visited: Bailey.

You collected 478 gold pieces.

Inventory:

Hand Weapons
 i - a +0 halberd (weapon)
 y - a +0 vorpal spear
Armour
 a - a +2 cloak (worn)
 r - a +0 pair of gloves (worn)
 s - a +2 helmet
 B - a +0 plate armour of cold resistance (worn)
Jewellery
 b - a cursed ring of protection from cold (left hand)
 u - an uncursed ring of see invisible
 w - a ring of protection from fire (right hand)
Wands
 f - a wand of disintegration (13)
 k - a wand of paralysis (3)
 o - a wand of digging (6)
Scrolls
 e - a scroll of teleportation
 j - 4 scrolls of remove curse
 l - 3 scrolls of fear {unknown}
 m - 2 scrolls of amnesia
 v - a scroll of enchant weapon
 z - a scroll of blinking
 E - a scroll of enchant armour
Potions
 d - 2 potions of mutation
 g - a potion of haste
 h - 3 potions of curing
 p - a potion of heal wounds
 q - a potion of flight
 t - a potion of cancellation
 x - a potion of resistance
 D - a potion of magic
Comestibles
 c - 16 rations
 A - 16 chunks of flesh


   Skills:
 * Level 8.7 Fighting
 * Level 14.8 Polearms
 * Level 7.1 Armour
 + Level 4.1 Dodging
 + Level 1.9 Stealth


You had 9 spell levels left.
You didn't know any spells.
Your spell library was empty.

Dungeon Overview and Level Annotations

Branches:
Dungeon (9/15)             Temple (0/1) D:4          Bailey (1/1)
   Lair: D:8-11         Orc: D:9-12

Altars:
Cheibriados
Gozag
Ru
Trog
Vehumet

Shops:
D:5 :


Innate Abilities, Weirdness & Mutations

You revert to your normal form in water.
You are very nimble and swift while swimming.
You are very stealthy in the water. (Stealth+)
You have a pair of small horns on your head.
Your mind is acute. (Int +2)
Your flesh is heat resistant. (rF+)


Message History

The orc warrior shouts!
Found two gates leading back out of this place.
You puncture the orc knight!
The orc knight is lightly wounded.
The orc warrior unwields a +0 arbalest.
The orc warrior hits you but does no damage.
The orc knight closely misses you.
The orc warrior shoots a bolt.
The bolt hits you but does no damage.
Your plate armour prevents you from hitting the orc knight.
The orc knight is lightly wounded.
You puncture the orc knight! You headbutt the orc knight.
The orc knight is moderately wounded.
The orc warrior hits you!
* * * LOW HITPOINT WARNING * * *
You impale the orc knight!!
The orc knight is severely wounded.
The orc knight hits you with a +3 glaive!!
* * * LOW HITPOINT WARNING * * *
The orc warrior shoots a bolt.
The bolt hits you.
You die...

## #### ##∩##
#####
....##...##.....
≈≈≈..#...#..≈≈≈.
≈o≈≈.......≈≈o≈≈
oo≈..(....≈oo.≈
o≈≈..).oo.≈≈o≈≈
#..@# #.∩.#
##∩## ###


You could see 2 orc knights, 4 orc warriors and 4 orcs.

Vanquished Creatures
  The ghost of GallusRoboticus the Cleaver, a novice HOMo of Beogh (D:7)
  Pikel (D:9)
  Joseph (D:9)
  A hippogriff (D:8)
  A spriggan (D:7)
  4 yaks (D:9)
  Edmund (D:5)
  A black bear (D:9)
  2 sky beasts
  3 slaves (D:9)
  3 orc warriors (D:8)
  An eye of draining (D:9)
  A necrophage (D:6)
  2 phantoms
  4 ogres
  A centaur (D:5)
  6 bullfrogs
  A scorpion (D:8)
  13 killer bees
  3 wights (D:6)
  A centaur zombie (D:6)
  5 crimson imps
  A gnoll shaman (D:6)
  5 orc priests
  A centaur skeleton (D:4)
  A bullfrog skeleton (D:4)
  3 hounds
  5 jellies
  9 orc wizards
  2 iguanas
  5 worker ants
  2 worker ant zombies (D:5)
  4 gnolls (D:6)
  A howler monkey skeleton (D:6)
  4 adders
  3 shadow imps
  An adder zombie (D:6)
  An adder skeleton (D:4)
  3 worms
  2 dart slugs (D:1)
  4 leopard geckos
  41 orcs
  A giant cockroach (D:5)
  9 goblins
  A hobgoblin (D:1)
  7 jackals
  A kobold (D:1)
  2 quokkas
  2 ball pythons
  5 bats (D:1)
  3 frilled lizards (D:1)
  A jackal skeleton (D:4)
  2 quokka skeletons
  A quokka zombie (D:7)
190 creatures vanquished.

Vanquished Creatures (collateral kills)
  An orc (Bailey)
1 creature vanquished.

Vanquished Creatures (others)
  A slave (D:9)
  A centaur (D:9)
2 creatures vanquished.

Grand Total: 193 creatures vanquished

Notes
Turn   | Place    | Note
-------+----------+-------------------------------------------
     0 | D:1      | robertstho the Merfolk Berserker began the quest for the
                  | Orb.
     0 | D:1      | Reached XP level 1. HP: 18/18 MP: 1/1
   118 | D:1      | Reached XP level 2. HP: 17/24 MP: 2/2
   488 | D:1      | Reached skill level 5 in Polearms
   635 | D:1      | Reached XP level 3. HP: 30/30 MP: 3/3
   729 | D:2      | You fall into a shaft and drop 1 floor!
   915 | D:3      | Reached skill level 1 in Stealth
   959 | D:3      | Found a snail-covered altar of Cheibriados.
   975 | D:3      | Found a bloodstained altar of Trog.
   995 | D:3      | Found a sacrificial altar of Ru.
   999 | D:3      | Noticed a bullfrog
  1007 | D:3      | Killed a bullfrog
  1007 | D:3      | Reached skill level 6 in Polearms
  1007 | D:3      | Reached XP level 4. HP: 24/37 MP: 4/4
  1527 | D:4      | Reached XP level 5. HP: 40/42 MP: 5/5
  1560 | D:4      | Reached ** piety under Trog
  1580 | D:4      | Noticed a phantom
  1637 | D:4      | Killed a phantom
  1637 | D:4      | Reached skill level 7 in Polearms
  1637 | D:4      | Reached XP level 6. HP: 31/49 MP: 6/6
  1662 | D:4      | Found a radiant altar of Vehumet.
  1706 | D:4      | Found a staircase to the Ecumenical Temple.
  1925 | D:4      | Reached skill level 5 in Fighting
  2145 | D:4      | Reached skill level 8 in Polearms
  2145 | D:4      | Reached XP level 7. HP: 32/56 MP: 7/7
  2338 | D:5      | Entered Level 5 of the Dungeon
  2460 | D:5      | Noticed Edmund
  2979 | D:6      | Reached skill level 9 in Polearms
  3005 | D:6      | Gained mutation: Your mind is acute. (Int +2) [potion of
                  | mutation]
  3005 | D:6      | Gained mutation: You have a pair of small horns on your
                  | head. [potion of mutation]
  3005 | D:6      | Gained mutation: Your flesh is heat resistant. (rF+)
                  | [potion of mutation]
  3036 | D:7      | Upgraded the game from 0.25-a0-842-g81a31cf to
                  | 0.25-a0-860-gf695395
  3112 | D:7      | Reached XP level 8. HP: 60/64 MP: 8/8
  3128 | D:7      | Noticed GallusRoboticus's ghost (novice HOMo)
  3131 | D:7      | Found a runed translucent door.
  3490 | D:7      | Reached *** piety under Trog
  3767 | D:7      | Noticed a spriggan baker
  3779 | D:7      | Killed a spriggan baker
  3779 | D:7      | Reached skill level 10 in Polearms
  4693 | D:6      | Reached XP level 9. HP: 70/70 MP: 9/9
  4699 | D:6      | Reached skill level 11 in Polearms
  4711 | D:6      | Reached skill level 5 in Armour
  5163 | D:5      | Killed Edmund
  5318 | D:5      | Reached **** piety under Trog
  5439 | D:5      | Found Araafun's Book Boutique.
  5931 | D:7      | Killed GallusRoboticus's ghost
  5931 | D:7      | Reached skill level 12 in Polearms
  6301 | D:8      | Found an opulent altar of Gozag.
  6406 | D:8      | Reached XP level 10. HP: 69/79 MP: 10/10
  6409 | D:8      | Reached skill level 13 in Polearms
  7200 | D:9      | Noticed Pikel
  7218 | D:9      | Killed Pikel
  7218 | D:9      | Reached skill level 14 in Polearms
  7432 | D:9      | Noticed Joseph
  7445 | D:9      | Killed Joseph
  7531 | D:9      | Found a flagged portal.
  7536 | Bailey   | Entered a bailey
  7536 | Bailey   | Noticed an orc knight
  7536 | Bailey   | Noticed an orc knight
  7550 | Bailey   | HP: 3/123 [orc knight/+3 glaive (33)]
  7550 | Bailey   | Shot with a bolt by an orc warrior

Levels and vault maps discovered:
D:1:      roderic_dead_forest, layout_basic, hangedman_decor_riveting
D:2:      cheibrodos_greedy_goblins, layout_loops_ring, uniq_crazy_yiuf_cottage
D:3:      layout_basic, lightli_temple_of_fire,
          chequers_temple_overflow_statue_of_worship, first_ration,
          palyth_stone_intersect
D:4:      layout_basic, kennysheep_little_box, minmay_temple_entry_water_ring
D:5:      layout_loops_ring, serial_shops, shop, uniq_edmund
D:6:      layout_loops_ring
D:7:      layout_basic, hellmonk_ghost_happy_afterlife, the_bakery
D:8:      layout_loops_cross, old_standard_altar
D:9:      layout_loops_ring, overflow_temple_1_default, enter_bailey_3,
          uniq_joseph, uniq_pikel
Bailey:   bailey_polearm_4, bailey

Skill      XL: |  1  2  3  4  5  6  7  8  9 10 |
---------------+-------------------------------+-----
Polearms       | 5 6 7 8 9 10 12 14 | 14.8
Stealth        | 1 |  1.9
Fighting       | 4 5 6 7 8 |  8.7
Dodging        | 3 4 |  4.1
Armour         | 2 3 4 6 7 |  7.1

Action                   |  1- 3 |  4- 6 |  7- 9 | 10-12 || total
-------------------------+-------+-------+-------+-------++-------
Melee: Spear             |    85 |   266 |   167 |       ||   518
       Headbutt          |       |       |    46 |    34 ||    80
       Halberd           |       |       |   289 |   198 ||   487
Invok: Berserk           |       |     1 |     9 |     4 ||    14
       Trog's Hand       |       |       |     1 |     2 ||     3
       Brothers in Arms  |       |       |       |     1 ||     1
  Use: Scroll            |       |       |    13 |     4 ||    17
       Potion            |       |       |     7 |     1 ||     8
 Stab: Sleeping          |     2 |       |       |       ||     2
  Eat: Chunk             |       |     5 |    13 |     7 ||    25
       Ration            |       |       |     3 |       ||     3
Armor: Animal skin       |    10 |     3 |       |       ||    13
       Plate armour      |       |   104 |   238 |   123 ||   465
       Scale mail        |       |     2 |       |       ||     2
Dodge: Dodged            |    37 |    64 |   115 |    70 ||   286

Table legend:
 A = Non-vault XP
 B = Vault XP
 C = Vault XP percentage of total XP
 D = Non-vault monster count
 E = Vault monster count
 F = Vault count percentage of total count
                 A         B        C        D         E       F
            +---------+---------+-------+---------+---------+-------
      Total |    6461 |    2095 |  24.5 |     178 |      10 |   5.3
            +---------+---------+-------+---------+---------+-------
        D:1 |      36 |       0 |   0.0 |      19 |       0 |   0.0
        D:3 |     113 |       0 |   0.0 |      10 |       0 |   0.0
        D:4 |     482 |       0 |   0.0 |      22 |       0 |   0.0
        D:5 |     583 |     171 |  22.7 |      25 |       1 |   3.8
        D:6 |    1236 |       0 |   0.0 |      28 |       0 |   0.0
        D:7 |     499 |     870 |  63.6 |      24 |       2 |   7.7
        D:8 |    1619 |       0 |   0.0 |      32 |       0 |   0.0
        D:9 |    1893 |    1052 |  35.7 |      18 |       6 |  25.0
     Bailey |       0 |       2 | 100.0 |       0 |       1 | 100.0
            +---------+---------+-------+---------+---------+-------
